 Dungeon Crawl Stone Soup version 0.15.2 (webtiles) character file.

401 rockin the Chopper (level 7, -5/52 HPs)
             Began as a Human Fighter on Jan 7, 2015.
             Slain by a wyvern (14 damage)
             ... on Level 5 of the Dungeon.
             The game lasted 00:14:49 (3971 turns).

rockin the Chopper (Human Fighter)                  Turns: 3971, Time: 00:14:49

HP  -5/52        AC 12     Str 18      XL: 7   Next: 11%
MP   7/7         EV  4     Int  8      God:
Gold 243         SH  9     Dex 13      Spells:  0 memorised,  6 levels left

rFire  . . .     SeeInvis .     a - +0 war axe
rCold  . . .     Clarity  .     s - +2 chain mail {MR+}
rNeg   . . .     rCorr    .     c - +0 shield
rPois  .         rRot     .     (no helmet)
rElec  .         Spirit   .     (no cloak)
SustAb .         Warding  .     (no gloves)
rMut   .         Stasis   .     i - +0 pair of boots
Gourm  .                        (no amulet)
MR     +....                    (no ring)
                                l - ring of invisibility

@: somewhat resistant to hostile enchantments, extremely unstealthy
A: no striking features
a: Evoke Invisibility


You were on level 5 of the Dungeon.
You were very hungry.

You visited 1 branch of the dungeon, and saw 5 of its levels.

You collected 243 gold pieces.

Inventory:

Hand weapons
 a - a +0 war axe (weapon)
Armour
 c - a +0 shield (worn)
 i - a +0 pair of boots (worn)
 s - a +2 chain mail of magic resistance (worn)
Comestibles
 b - a royal jelly
 d - 5 bread rations
 j - 2 beef jerkies
Scrolls
 f - 3 scrolls of identify {unknown}
 k - 2 scrolls of teleportation {unknown}
 m - 3 scrolls of remove curse {unknown}
 o - a scroll of fog {unknown}
 p - a scroll of amnesia {unknown}
 q - 3 scrolls of recharging {unknown}
 v - a scroll of fear {unknown}
Jewellery
 l - a ring of invisibility (left hand)
Potions
 e - a potion of might
 g - a potion of agility {unknown}
 h - 5 potions of curing {unknown}
 n - 3 potions of haste {unknown}
 r - 3 potions of flight {unknown}
 t - a potion of brilliance {unknown}
 u - a potion of cure mutation {unknown}


   Skills:
 - Level 3.0 Fighting
 + Level 7.1 Axes
 - Level 3.0 Armour
 - Level 3.0 Shields


You had 6 spell levels left.
You didn't know any spells.

Dungeon Overview and Level Annotations

Branches:
Dungeon (5/15)
 Temple: D:4-7

Altars:
Fedhas
Nemelex Xobeh
Vehumet


Message History

The wyvern bites you!
The wyvern bites you but does no damage.
You closely miss the wyvern.
The wyvern is moderately wounded.
The wyvern bites you but does no damage.
The wyvern bites you!
You hit the wyvern.
The wyvern is moderately wounded.
The wyvern bites you. x2
* * * LOW HITPOINT WARNING * * *
Your shield and chain mail prevent you from hitting the wyvern.
The wyvern is moderately wounded.
The wyvern bites you but does no damage.
The wyvern closely misses you.
You barely miss the wyvern.
The wyvern is moderately wounded.
The wyvern bites you.
* * * LOW HITPOINT WARNING * * *
The wyvern bites you!
You die...

.## ##..#
....###..#####
#..........#######
###..............#####
###................##
#.................#
#..#########.....##
##.#########.....#
#@...[..........#
#D..........#####
#..########## ##.##
#...# #.....#
#..##...# #..# #.....
...# ##....


You could see a wyvern.

Vanquished Creatures
  A black bear (D:4)
  A giant frog (D:4)
  An orc priest (D:3)
  Natasha (twice) (D:3)
  An iguana (D:4)
  A worker ant (D:4)
  Terence (D:3)
  3 gnolls (D:2)
  3 adders (D:4)
  2 oozes
  5 orcs
  3 giant cockroaches
  5 goblins
  4 hobgoblins
  13 jackals
  2 quokkas (D:2)
  8 bats
  A giant gecko (D:4)
  6 giant newts
  A hobgoblin skeleton (D:4)
  3 kobolds
  8 rats
75 creatures vanquished.

Notes
Turn   | Place    | Note
--------------------------------------------------------------
     0 | D:1      | rockin, the Human Fighter, began the quest for the Orb.
     0 | D:1      | Reached XP level 1. HP: 18/18 MP: 1/1
    39 | D:1      | Reached XP level 2. HP: 17/24 MP: 2/2
   322 | D:1      | Reached XP level 3. HP: 25/29 MP: 3/3
   759 | D:2      | Found a sparkling altar of Nemelex Xobeh.
  1032 | D:2      | Reached skill level 4 in Axes
  1032 | D:2      | Reached XP level 4. HP: 18/35 MP: 4/4
  1679 | D:3      | Reached XP level 5. HP: 8/41 MP: 5/5
  1684 | D:3      | Reached skill level 5 in Axes
  2085 | D:3      | Noticed Terence
  2094 | D:3      | Killed Terence
  2114 | D:3      | Noticed Natasha
  2121 | D:3      | Killed Natasha
  2137 | D:3      | Noticed Natasha
  2141 | D:3      | Killed Natasha
  2538 | D:4      | Found a blossoming altar of Fedhas.
  2632 | D:4      | Reached XP level 6. HP: 43/47 MP: 6/6
  2838 | D:4      | Noticed a black bear
  2849 | D:4      | Killed a black bear
  2849 | D:4      | Reached skill level 6 in Axes
  3040 | D:4      | Found a radiant altar of Vehumet.
  3059 | D:4      | Reached skill level 7 in Axes
  3059 | D:4      | Reached XP level 7. HP: 25/52 MP: 7/7
  3876 | D:5      | Entered Level 5 of the Dungeon
  3957 | D:5      | Noticed a wyvern
  3971 | D:5      | Slain by a wyvern

Action                   |  1- 3 |  4- 6 |  7- 9 || total
-------------------------+-------+-------+-------++-------
Melee: War axe           |   140 |   123 |    37 ||   300
  Eat: Chunk             |     1 |     6 |     2 ||     9
